PAAA
SALT LAKE CITY BUZZ @ BLOOMINGTON LONGNECKS
09/25/2031
 
TOP OF THE 1ST
Salt Lake City Buzz batting - Pitching for Bloomington Longnecks : RHP Nassim El-Badwi
Pitching: RHP Nassim El-Badwi
Batting: LHB Orlando Casillas 0-0: Called Strike
0-1: Ball
1-1: DOUBLE (Line Drive, 7LM)
Batting: LHB Alistair Mix 0-0: Ball
1-0: Ball
2-0: Called Strike
2-1: Ball
3-1: Ground out 4-3 (Groundball, 4)
Orlando Casillas to third
Batting: LHB Juan Rosado 0-0: SINGLE (Line Drive, 9S)
Orlando Casillas scores
Batting: LHB Jérôme Masson 0-0: Ball
1-0: Called Strike
1-1: Foul Ball, location: 2F
1-2: Strikes out swinging
Batting: RHB Ilkka Haapajarvi 0-0: Called Strike
0-1: Foul Ball, location: 2F
0-2: Strikes out swinging
Top of the 1st over - 1 run, 2 hits, 0 errors, 1 left on base; Salt Lake City 1 - Bloomington 0
BOTTOM OF THE 1ST
Bloomington Longnecks batting - Pitching for Salt Lake City Buzz : RHP Juan Ordóñez
Pitching: RHP Juan Ordóñez
Batting: LHB Marshall Willis 0-0: Ground out 4-3 (Groundball, 4)
Batting: RHB Gabrio Campoverde 0-0: Foul Ball, location: 2F
0-1: Ground out 1-3 (Groundball, 13)
Batting: LHB Shahid Afridi 0-0: Called Strike
0-1: Fly out, F8 (Flyball, 8LM)
Bottom of the 1st over - 0 runs, 0 hits, 0 errors, 0 left on base; Salt Lake City 1 - Bloomington 0
TOP OF THE 2ND
Salt Lake City Buzz batting - Pitching for Bloomington Longnecks : RHP Nassim El-Badwi
Batting: LHB Roberto Soto 0-0: Ball
1-0: Ball
2-0: Ball
3-0: Base on Balls
Batting: RHB Alexandre Keeping 0-0: SINGLE (Groundball, 56D)
Roberto Soto to second
Batting: RHB Yoichibei Chikafuji 0-0: Foul Ball, location: 2F
0-1: Called Strike
0-2: Foul Ball, location: 2F
0-2: Ball
1-2: Foul Ball, location: 2F
1-2: Ball
2-2: Foul Ball, location: 2F
2-2: Ball
3-2: Strikes out swinging
Batting: SHB Jorge Colón 0-0: Swinging Strike
0-1: Ball
1-1: Swinging Strike
1-2: Foul Ball, location: 2F
1-2: Ball
2-2: Foul Ball, location: 2F
2-2: Strikes out swinging
Batting: LHB Orlando Casillas 0-0: Fly out, F7 (Flyball, 7LMF)
Top of the 2nd over - 0 runs, 1 hit, 0 errors, 2 left on base; Salt Lake City 1 - Bloomington 0
BOTTOM OF THE 2ND
Bloomington Longnecks batting - Pitching for Salt Lake City Buzz : RHP Juan Ordóñez
Batting: LHB John Schaefer 0-0: Ball
1-0: Foul Ball, location: 2F
1-1: Foul Ball, location: 2F
1-2: Ball
2-2: SOLO HOME RUN (Flyball, 9LD), Distance : 328 ft
Batting: LHB Calvin Wilms 0-0: Called Strike
0-1: SINGLE (Line Drive, 89M)
Batting: RHB Toussiant L'Ouverture 0-0: Foul Ball, location: 2F
0-1: Called Strike
0-2: Foul Ball, location: 2F
0-2: Reached on error, E1 (Groundball, 13S)
Calvin Wilms to second
Batting: RHB Bubba Blevins 0-0: Called Strike
0-1: Ball
1-1: Foul Ball, location: 2F
1-2: Fly out, F9 (Flyball, 9S)
Batting: RHB Ty Struck 0-0: Foul Ball, location: 2F
0-1: Fly out, F8 (Flyball, 8RM)
Batting: RHB Silvio Bonauiti 0-0: Ball
1-0: Foul Ball, location: 2F
1-1: Ball
2-1: Fly out, F4 (Flyball, 4D)
Bottom of the 2nd over - 1 run, 2 hits, 1 error, 2 left on base; Salt Lake City 1 - Bloomington 1
TOP OF THE 3RD
Salt Lake City Buzz batting - Pitching for Bloomington Longnecks : RHP Nassim El-Badwi
Batting: LHB Alistair Mix 0-0: Ball
1-0: Ball
2-0: Ball
3-0: Base on Balls
Pitching: RHP Fernando Ramírez
Batting: LHB Juan Rosado 0-0: Ball
1-0: Ball
2-0: Ball
3-0: Base on Balls
Alistair Mix to second
Batting: LHB Jérôme Masson 0-0: Ball
1-0: Foul Ball, location: 2F
1-1: Ball
2-1: Foul Ball, location: 2F
2-2: Fly out, F7 (Flyball, 78M)
Batting: RHB Ilkka Haapajarvi 0-0: Ball
1-0: Ball
Alistair Mix is caught stealing 3rd base
Juan Rosado to second
2-0: Called Strike
2-1: Called Strike
2-2: Ball
3-2: Ground out U3 (Groundball, 3S)
Top of the 3rd over - 0 runs, 0 hits, 0 errors, 1 left on base; Salt Lake City 1 - Bloomington 1
BOTTOM OF THE 3RD
Bloomington Longnecks batting - Pitching for Salt Lake City Buzz : RHP Juan Ordóñez
Batting: LHB Marshall Willis 0-0: Ball
1-0: Ball
2-0: Called Strike
2-1: Foul Ball, location: 2F
2-2: Foul Ball, location: 2F
2-2: Ball
3-2: Strikes out looking
Batting: RHB Gabrio Campoverde 0-0: Swinging Strike
0-1: Ball
1-1: Reached via error on a dropped throw, E3
Batting: LHB Shahid Afridi 0-0: Called Strike
0-1: Ball
1-1: Ball
2-1: Ball
3-1: 2-RUN HOME RUN (Flyball, 89XD), Distance : 376 ft
Batting: LHB John Schaefer 0-0: SINGLE (Line Drive, 9S)
Batting: LHB Calvin Wilms 0-0: Ball
1-0: Ball
2-0: Fly out, F6 (Line Drive, 6)
Batting: RHB Toussiant L'Ouverture 0-0: Ball
1-0: Foul Ball, location: 2F
1-1: Called Strike
1-2: Foul Ball, location: 2F
1-2: Reached on error, E1 (Groundball, 15S)
John Schaefer to second
Batting: RHB Bubba Blevins 0-0: Foul Ball, location: 2F
0-1: Ball
1-1: Swinging Strike
1-2: Foul Ball, location: 2F
1-2: Fly out, F8 (Flyball, 8LS)
Bottom of the 3rd over - 2 runs, 2 hits, 2 errors, 2 left on base; Salt Lake City 1 - Bloomington 3
TOP OF THE 4TH
Salt Lake City Buzz batting - Pitching for Bloomington Longnecks : RHP Fernando Ramírez
Batting: LHB Roberto Soto 0-0: Foul Ball, location: 2F
0-1: Fly out, F7 (Flyball, 7S)
Batting: RHB Alexandre Keeping 0-0: Ball
1-0: Called Strike
1-1: Foul Ball, location: 2F
1-2: Ball
2-2: Fly out, F7 (Flyball, 7LS)
Batting: RHB Yoichibei Chikafuji 0-0: Called Strike
0-1: Foul Ball, location: 2F
0-2: Ball
1-2: Strikes out looking
Top of the 4th over - 0 runs, 0 hits, 0 errors, 0 left on base; Salt Lake City 1 - Bloomington 3
BOTTOM OF THE 4TH
Bloomington Longnecks batting - Pitching for Salt Lake City Buzz : RHP Juan Ordóñez
Batting: RHB Ty Struck 0-0: Ball
1-0: Ball
2-0: Called Strike
2-1: Ground out 5-3 (Groundball, 56)
Batting: RHB Silvio Bonauiti 0-0: Ball
1-0: Ball
2-0: Foul Ball, location: 2F
2-1: Foul Ball, location: 2F
2-2: Ball
3-2: Foul Ball, location: 2F
3-2: Foul Ball, location: 2F
3-2: Ground out 5-3 (Groundball, 56)
Batting: LHB Marshall Willis 0-0: Ball
1-0: Ball
2-0: Ball
3-0: Called Strike
3-1: Base on Balls
Pitching: RHP Lorenzo López
Batting: RHB Gabrio Campoverde 0-0: Ball
1-0: Foul Ball, location: 2F
1-1: Called Strike
1-2: Foul Ball, location: 2F
1-2: Ball
2-2: Foul Ball, location: 2F
2-2: Foul Ball, location: 2F
2-2: Ball
3-2: Foul Ball, location: 2F
3-2: Fly out, F9 (Flyball, 9LS)
Bottom of the 4th over - 0 runs, 0 hits, 0 errors, 1 left on base; Salt Lake City 1 - Bloomington 3
TOP OF THE 5TH
Salt Lake City Buzz batting - Pitching for Bloomington Longnecks : RHP Fernando Ramírez
Batting: SHB Jorge Colón 0-0: Foul Ball, location: 2F
0-1: Fly out, F7 (Flyball, 78XD)
Batting: LHB Orlando Casillas 0-0: Called Strike
0-1: Ball
1-1: Ball
2-1: Bunt for hit - play at first, batter OUT! 3-4
Batting: LHB Alistair Mix 0-0: Ball
1-0: Swinging Strike
1-1: Swinging Strike
1-2: Foul Ball, location: 2F
1-2: Ball
2-2: Strikes out swinging
Top of the 5th over - 0 runs, 0 hits, 0 errors, 0 left on base; Salt Lake City 1 - Bloomington 3
BOTTOM OF THE 5TH
Bloomington Longnecks batting - Pitching for Salt Lake City Buzz : RHP Lorenzo López
Batting: LHB Shahid Afridi 0-0: Ground out 1-3 (Groundball, 13S)
Batting: LHB John Schaefer 0-0: Called Strike
0-1: Fly out, F8 (Line Drive, 8RM)
Batting: LHB Calvin Wilms 0-0: Ball
1-0: Ball
2-0: Ball
3-0: Base on Balls
Batting: RHB Toussiant L'Ouverture 0-0: Called Strike
0-1: Ball
1-1: Ball
2-1: SINGLE (Groundball, 6MD)
Calvin Wilms to second
Runner from 2nd tries for 3rd, SAFE, throw made to third
Batting: RHB Bubba Blevins 0-0: Fly out, F8 (Flyball, 8LS)
Bottom of the 5th over - 0 runs, 1 hit, 0 errors, 2 left on base; Salt Lake City 1 - Bloomington 3
TOP OF THE 6TH
Salt Lake City Buzz batting - Pitching for Bloomington Longnecks : RHP Fernando Ramírez
Batting: LHB Juan Rosado 0-0: Called Strike
0-1: Ball
1-1: Ball
2-1: Foul Ball, location: 2F
2-2: Fly out, F6 (Line Drive, 6)
Pitching: RHP Vicente Escamilla
Batting: LHB Jérôme Masson 0-0: Called Strike
0-1: Foul Ball, location: 2F
0-2: Fly out, F8 (Flyball, 8RM)
Batting: RHB Ilkka Haapajarvi 0-0: Called Strike
0-1: Ball
1-1: Ground out 6-3 (Groundball, 6)
Top of the 6th over - 0 runs, 0 hits, 0 errors, 0 left on base; Salt Lake City 1 - Bloomington 3
BOTTOM OF THE 6TH
Bloomington Longnecks batting - Pitching for Salt Lake City Buzz : RHP Lorenzo López
Batting: RHB Ty Struck 0-0: Ball
1-0: Ball
2-0: Ball
3-0: Called Strike
3-1: Base on Balls
Batting: RHB Silvio Bonauiti 0-0: Bunted foul
0-1: Bunted foul
0-2: Ball
1-2: Ball
2-2: Foul Ball, location: 2F
2-2: Ball
3-2: Foul Ball, location: 2F
3-2: Fly out, F8 (Flyball, 8LM)
Batting: LHB Marshall Willis 0-0: Ball
1-0: Called Strike
1-1: Swinging Strike
1-2: Strikes out swinging
Batting: RHB Gabrio Campoverde 0-0: Swinging Strike
0-1: Ball
1-1: Ball
2-1: Foul Ball, location: 2F
2-2: Fielders Choice at 2nd, 6-4 (Groundball, 6)
Bottom of the 6th over - 0 runs, 0 hits, 0 errors, 1 left on base; Salt Lake City 1 - Bloomington 3
TOP OF THE 7TH
Salt Lake City Buzz batting - Pitching for Bloomington Longnecks : RHP Vicente Escamilla
Batting: LHB Roberto Soto 0-0: Fly out, F9 (Flyball, 89M)
Batting: RHB Alexandre Keeping 0-0: Foul Ball, location: 2F
0-1: Ground out 6-3 (Groundball, 6)
Batting: RHB Yoichibei Chikafuji 0-0: Called Strike
0-1: Called Strike
0-2: Strikes out looking
Top of the 7th over - 0 runs, 0 hits, 0 errors, 0 left on base; Salt Lake City 1 - Bloomington 3
BOTTOM OF THE 7TH
Bloomington Longnecks batting - Pitching for Salt Lake City Buzz : RHP Lorenzo López
Batting: LHB Shahid Afridi 0-0: Called Strike
0-1: Ground out 4-3 (Groundball, 4)
Batting: LHB John Schaefer 0-0: Called Strike
0-1: Ball
1-1: Ball
2-1: Foul Ball, location: 2F
2-2: Ball
3-2: Foul Ball, location: 2F
3-2: Base on Balls
Batting: LHB Calvin Wilms 0-0: Called Strike
0-1: DOUBLE (Line Drive, 89D)
John Schaefer to third
Runner from 3rd tries for Home, SAFE, no throw
Batting: RHB Toussiant L'Ouverture 0-0: Called Strike
0-1: Ball
1-1: Fly out, F9 (Flyball, 9LD)
Runner from 2nd tags up, SAFE at 3rd, no throw
Batting: RHB Bubba Blevins 0-0: Foul Ball, location: 2F
0-1: Ball
1-1: Ground out 4-3 (Groundball, 4)
Bottom of the 7th over - 1 run, 1 hit, 0 errors, 1 left on base; Salt Lake City 1 - Bloomington 4
TOP OF THE 8TH
Salt Lake City Buzz batting - Pitching for Bloomington Longnecks : RHP Vicente Escamilla
Batting: SHB Jorge Colón 0-0: Foul Ball, location: 2F
0-1: Ball
1-1: Swinging Strike
1-2: Strikes out looking
Batting: LHB Orlando Casillas 0-0: Called Strike
0-1: Fly out, F7 (Flyball, 78S)
Batting: LHB Alistair Mix 0-0: Ball
1-0: Foul Ball, location: 2F
1-1: Bunt for hit - play at first, batter safe!
Batting: LHB Juan Rosado 0-0: Swinging Strike
0-1: Fielders Choice at 2nd, 5-4 (Groundball, 5)
Top of the 8th over - 0 runs, 1 hit, 0 errors, 1 left on base; Salt Lake City 1 - Bloomington 4
BOTTOM OF THE 8TH
Bloomington Longnecks batting - Pitching for Salt Lake City Buzz : RHP Lorenzo López
Batting: RHB Ty Struck 0-0: Ball
1-0: Foul Ball, location: 2F
1-1: Ball
2-1: Called Strike
2-2: SINGLE (Groundball, 4MD)
Batting: RHB Silvio Bonauiti 0-0: Ball
1-0: Ball
2-0: Ball
3-0: Called Strike
3-1: Reached on error, E1 (Groundball, 13S)
Ty Struck to second
Batting: LHB Marshall Willis 0-0: Bunted foul
0-1: Sac Bunt - play at first, batter OUT! 1-4
Ty Struck to third
Silvio Bonauiti to second
Batting: RHB Gabrio Campoverde 0-0: Called Strike
0-1: Ball
1-1: Swinging Strike
1-2: Ball
2-2: SINGLE (Flyball, 8LS)
Ty Struck scores
Silvio Bonauiti to third
Runner from 3rd tries for Home, SAFE, no throw
Pitching: RHP Ben Hopley
Batting: LHB Shahid Afridi 0-0: Called Strike
Gabrio Campoverde steals 2nd base
0-1: Foul Ball, location: 2F
0-2: Ball
1-2: Foul Ball, location: 2F
1-2: Foul Ball, location: 2F
1-2: Foul Ball, location: 2F
1-2: Ball
2-2: Ground out 4-3 (Groundball, 4)
Gabrio Campoverde to third
Batting: LHB John Schaefer 0-0: Ball
1-0: Ball
2-0: Called Strike
2-1: SINGLE (Line Drive, 9LS)
Gabrio Campoverde scores
Batting: LHB Calvin Wilms Pickoff Throw to First - Out!
Bottom of the 8th over - 3 runs, 3 hits, 1 error, 0 left on base; Salt Lake City 1 - Bloomington 7
TOP OF THE 9TH
Salt Lake City Buzz batting - Pitching for Bloomington Longnecks : RHP Vicente Escamilla
Now at 1B: Martín Martínez
Now at SS: Frank Crocker
Now in RF: Chris Williamson
Batting: LHB Jérôme Masson 0-0: Foul Ball, location: 2F
0-1: Foul Ball, location: 2F
0-2: Strikes out swinging
Batting: RHB Ilkka Haapajarvi 0-0: Ball
1-0: Called Strike
1-1: Ball
2-1: SINGLE (Line Drive, 6MD)
Batting: LHB Roberto Soto 0-0: Ball
1-0: Foul Ball, location: 2F
1-1: Ground out U3 (Groundball, 3S)
Ilkka Haapajarvi to second
Batting: RHB Alexandre Keeping 0-0: Called Strike
Error on foul ball, E2
0-2: Ball
1-2: Ground out 4-3 (Groundball, 4)
Top of the 9th over - 0 runs, 1 hit, 1 error, 1 left on base; Salt Lake City 1 - Bloomington 7
Tuesday, June 12th, 2018 - OOTP Baseball 18.8 Build 76